 Dungeon Crawl Stone Soup version 0.25-a0-890-g62861fb195 (webtiles) character file.

Game seed: 2378870047325724765, levelgen mode: deterministic

3 Esekla the Conjurer (level 1, -3/13 HPs)
             Began as a Formicid Conjurer on May 2, 2020.
             Slain by a killer bee zombie (5 damage)
             ... on level 10 of the Dungeon.
             The game lasted 00:05:18 (605 turns).

Esekla the Conjurer (Formicid Conjurer)              Turns: 605, Time: 00:05:21

Health: -3/13      AC:  4    Str: 12    XL:     1   Next: 55%
Magic:  3/3        EV: 11    Int: 14    God:
Gold:   30         SH:  0    Dex: 11    Spells: 3/4 levels left

rFire    . . .     SeeInvis +   (no weapon)
rCold    . . .     Gourm    .   (no shield)
rNeg     . . .     Faith    .   b - +0 leather armour
rPois    .         Spirit   .   (helmet unavailable)
rElec    .         Reflect  .   (no cloak)
rCorr    .         Harm     .   (no gloves)
MR       .....                  d - +0 pair of boots
Stlth    ++........             (no amulet)
HPRegen  0.04/turn              (no ring)
MPRegen  0.08/turn              (no ring)

@: no status effects
A: permanent stasis, dig shafts and tunnels, four strong arms, antennae 3
a: Dig, Shaft Self


You were on level 10 of the Dungeon.
You were hungry.

You visited 1 branch of the dungeon, and saw 7 of its levels.

You collected 30 gold pieces.

Inventory:

Armour
 b - a +0 leather armour (worn)
 d - a +0 pair of boots (worn)
Scrolls
 a - a scroll of enchant weapon {unknown}
 e - 3 scrolls of noise {unknown}
 f - 2 scrolls of identify {unknown}
 h - a scroll of remove curse {unknown}
 i - a scroll of teleportation {unknown}
 j - a scroll of magic mapping {unknown}
Potions
 g - a potion of curing {unknown}
Comestibles
 c - 3 rations


   Skills:
 * Level 0.1 Fighting
 * Level 0.3 Armour
 + Level 1.7 Dodging
 - Level 2.4 Stealth
 + Level 2.2 Spellcasting
 + Level 3.7 Conjurations


You had 3 spell levels left.
You knew the following spells:

 Your Spells              Type           Power        Failure   Level  Hunger
a - Magic Dart            Conj           ##..         6%          1    #......

Your spell library contained the following spells:

 Spells                   Type           Power        Failure   Level  Hunger
 Searing Ray              Conj           ##....       10%         2    ###....
 Dazzling Flash           Conj/Hex       #.....       38%         3    ###....
 Fulminant Prism          Conj/Hex       #.........   80%         4    #####..
 Iskenderun's Mystic Bla  Conj/Tloc      #.......     80%         4    #####..


Dungeon Overview and Level Annotations

Branches:
Dungeon (8/15)
 Temple: D:4-7         Lair: D:8-11

Altars:


Innate Abilities, Weirdness & Mutations

You cannot be hasted, slowed, berserked, paralysed or teleported.
You can dig through walls and to a lower floor.
Your four strong arms can wield two-handed weapons with a shield.
You have a pair of large antennae on your head. (SInv)


Message History

The shaft crumbles and collapses.
A sky beast comes into view.
Found 23 stones, 24 arrows and 6 poisoned darts.
You see here 14 arrows.
As you open the door, it creaks loudly!
You hear a shout!
An orc and a zombie come into view.
The orc shouts!
A worker ant comes into view.
Found a stone staircase leading up.
There is an open door here.
You close the door.
The killer bee zombie completely misses you.
Are you sure you want to shaft yourself?
You are feeling hungry.
The killer bee zombie hits you.
* * * LOW HITPOINT WARNING * * *
The killer bee zombie closely misses you.
You begin to dig a shaft.
You continue digging a shaft.
The killer bee zombie hits you.
You die...

#+##### .## ........#
..# ........#
#####.#######
.<......###.(..........
........#(.............
........#.#.....Y..(...
.......o#Y#............
.....a.Z'.#...........(
.......@########.######
###+##### ..# #.# .# .#


You could see a sky beast, a worker ant, an orc and a killer bee zombie.

Vanquished Creatures
  An orc (D:8)
  A bat (D:3)
  A goblin (D:1)
3 creatures vanquished.

Notes
Turn   | Place    | Note
-------+----------+-------------------------------------------
     0 | D:1      | Esekla the Formicid Conjurer began the quest for the Orb.
     0 | D:1      | Reached XP level 1. HP: 13/13 MP: 3/3
   508 | D:4      | Noticed a scorpion
   511 | D:4      | You fall into a shaft and drop 3 floors!
   511 | D:7      | Noticed an ice beast
   515 | D:7      | You fall into a shaft and drop 1 floor!
   516 | D:8      | Noticed a bullfrog
   572 | D:8      | Noticed a two-headed ogre
   591 | D:7      | You fall into a shaft and drop 3 floors!
   591 | D:10     | Entered Level 10 of the Dungeon
   591 | D:10     | Noticed a sky beast
   601 | D:10     | Noticed a worker ant
   605 | D:10     | Slain by a killer bee zombie

Levels and vault maps discovered:
D:1:      nicolae_arrival_memento_mori, layout_basic
D:2:      layout_basic, fiery_altar_vehumet, old_standard_altar
D:3:      layout_basic, serial_park_tiny_pond, kennysheep_generic_room_10
D:4:      layout_loops_ring, first_ration
D:7:      minmay_spotlight, layout_layer_cave, grunt_dithmenos_shadows,
          lemuel_mausoleum_altar_yredelemnul, okawaru_ov_weapons_minmay,
          old_standard_altar, mrwooster_statue_mirror
D:8:      layout_rooms, kennysheep_mini, gammafunk_ghost_icy, serial_shops,
          nicolae_shop_competitors_out_of_business, uniq_joseph, uniq_gastronok
D:10:     layout_roguey, uniq_grum, uniq_erolcha

Action                   || total
-------------------------++-------
 Cast: Magic Dart        ||     7
 Abil: Shaft Self        ||     4
Armor: Leather armour    ||     1
Dodge: Dodged            ||    17

Table legend:
 A = Non-vault XP
 B = Vault XP
 C = Vault XP percentage of total XP
 D = Non-vault monster count
 E = Vault monster count
 F = Vault count percentage of total count
                 A         B        C        D         E       F
            +---------+---------+-------+---------+---------+-------
      Total |       5 |       0 |   0.0 |       3 |       0 |   0.0
            +---------+---------+-------+---------+---------+-------
        D:1 |       1 |       0 |   0.0 |       1 |       0 |   0.0
        D:3 |       1 |       0 |   0.0 |       1 |       0 |   0.0
        D:8 |       3 |       0 |   0.0 |       1 |       0 |   0.0
            +---------+---------+-------+---------+---------+-------
